 Dungeon Crawl Stone Soup version 0.31-a0-1169-gd935f9fcdc (webtiles) character file.

Game seed: 6986837534380705882

725668 James the Shapeless Octopus (level 27, -10/224 HPs)
             Began as an Octopode Shapeshifter on Dec 9, 2023.
             Was an Initiate of Gozag.
             Killed from afar by Lom Lobon (52 damage)
             ... with a great icy blast
             ... in Pandemonium on Dec 10, 2023.
             The game lasted 05:03:17 (90821 turns).

James the Shapeless Octopus (OpSh)                 Turns: 90821, Time: 05:03:18

Health: -10/224    AC: 27    Str: 31    XL:     27
Magic:  0/32       EV: 68    Int: 13    God:    Gozag
Gold:   11149      SH:  0    Dex: 21    Spells: 26/26 levels left

rFire   + +          +
                       - Unarmed
rCold   + . .        (shield currently unavailable)
rNeg    + + .        w - melded +0 hat of the Vestibule of Hell {Fly Int-4 Dex+3 SInv}
rPois   ∞            K - amulet of Zowkyat {Spirit Dex+2 Stlth+}
rElec   +            k - +6 ring of strength
rCorr   +            l - +4 ring of protection
SInv    .            O - ring of positive energy
Will    +++..        y - +4 ring of protection
Stlth   ++++         a - +4 ring of protection
HPRegen 0.57/turn    i - ring of the Hare {EV+10}
MPRegen 0.23/turn    n - ring "Cucisef" {*Slow rF++ rN+ Will+ rCorr}
                     Z - ring "Utoism" {rF+ rC+ MP+9 Dex+6 Stlth+}

%: slow self (1%), guardian spirit
@: mighty, storm-form, gold aura, flying, hasted, studying 2 skills, very quick
A: cleaving, insubstantial, flying, almost no armour, amphibious, 8 rings,
(camouflage 1), (gelatinous body 1), (nimble swimmer 1), (tentacles), (fangs 1),
(large bone plates 1), (shaggy fur 1), evolution 1, subdued magic 1
}: 6/15 runes: barnacled, slimy, silver, abyssal, dark, gossamer
a: Blinkbolt, Begin Untransformation, Renounce Religion, Potion Petition, Call
Merchant, Bribe Branch


You were in Pandemonium.
You worshipped Gozag.
Gozag was extremely pleased with you.
You were a lightning-filled tempest!
You visited 14 branches of the dungeon, and saw 58 of its levels.
You visited Pandemonium 1 time, and saw 4 of its levels.
You visited the Abyss 2 times.
You visited 1 bazaar.
You also visited: Sewer, Ossuary, Gauntlet and Volcano.

You collected 34242 gold pieces.
You spent 6893 gold pieces at shops.
You paid 16200 gold pieces to Gozag.

Inventory:

Missiles
 q - 22 poisoned darts (quivered)
 G - 30 javelins
 H - 5 throwing nets {!f}
 M - 4 curare-tipped darts {!f}
 Q - 23 atropa-tipped darts
Armour
 w - the +0 hat of the Vestibule of Hell (melded) {Fly Int-4 Dex+3 SInv}
   (You found it in a Gauntlet)

   Int-4:     It affects your intelligence (-4).
   Dex+3:     It affects your dexterity (+3).
   SInv:      It lets you see invisible.
   Fly:       It grants you flight.
Jewellery
 a - a +4 ring of protection (on tentacle)
   (You found it on level 2 of the Crypt)
 g - the ring of Balance {rElec rPois rF- Slay+6}
   (You bought it in a shop on level 2 of the Orcish Mines)

   [ring of poison resistance]

   Slay+6:    It affects your accuracy & damage with ranged weapons and melee
   (+6).
   rF-:       It makes you vulnerable to fire.
   rElec:     It insulates you from electricity.
   rPois:     It protects you from poison
 i - the ring of the Hare (on tentacle) {EV+10}
   (You found it on level 5 of the Pits of Slime)

   [ring of evasion]

   EV+10:     It affects your evasion (+10).
 k - a +6 ring of strength (left tentacle)
   (You found it on level 3 of the Dungeon)
 l - a +4 ring of protection (right tentacle)
   (You took it off an ironbound convoker on level 5 of the Vaults)
 n - the ring "Cucisef" (on tentacle) {*Slow rF++ rN+ Will+ rCorr}
   (You found it in a Gauntlet)

   [ring of positive energy]

   rF++:      It greatly protects you from fire.
   rN+:       It protects you from negative energy.
   Will+:     It increases your willpower.
   rCorr:     It protects you from acid and corrosion.
   *Slow:     It may slow you when you take damage.
 o - a ring of protection from cold
   (You bought it in a shop on level 15 of the Dungeon)
 y - a +4 ring of protection (on tentacle)
   (You found it on level 5 of the Dungeon)
 z - the ring "Jytai" {Str+2 SInv}
   (You found it on level 5 of the Vaults)

   [ring of see invisible]

   Str+2:     It affects your strength (+2).
   SInv:      It lets you see invisible.
 K - the amulet of Zowkyat (around neck) {Spirit Dex+2 Stlth+}
   (You bought it in a shop on level 15 of the Dungeon)

   [amulet of guardian spirit]

   Spirit:    It causes incoming damage to be divided between your reserves of
   health and magic.
   Dex+2:     It affects your dexterity (+2).
   Stlth+:    It makes you more stealthy.
 O - a ring of positive energy (on tentacle)
   (You found it on level 10 of the Dungeon)
 R - the ring "Cedustau" {rF+ Dex+6}
   (You found it on level 5 of the Pits of Slime)

   [ring of dexterity]

   Dex+6:     It affects your dexterity (+6).
   rF+:       It protects you from fire.
 Y - a ring of willpower
   (You took it off a deep elf zephyrmancer on level 3 of the Elven Halls)
 Z - the ring "Utoism" (on tentacle) {rF+ rC+ MP+9 Dex+6 Stlth+}
   (You bought it in a shop on level 7 of the Dungeon)

   [ring of dexterity]

   Dex+6:     It affects your dexterity (+6).
   rF+:       It protects you from fire.
   rC+:       It protects you from cold.
   MP+9:      It affects your magic capacity (+9).
   Stlth+:    It makes you more stealthy.
Talismans
 W - a storm talisman (active)
   (You found it on level 2 of the Spider Nest)
Wands
 d - a wand of iceblast (78)
   (You found it on level 8 of the Dungeon)
 t - a wand of flame (113)
   (You found it on level 7 of the Dungeon)
 v - a wand of digging (40)
   (You found it on level 13 of the Dungeon)
 D - a wand of quicksilver (48)
   (You found it in a Gauntlet)
 I - a wand of mindburst (63)
   (You found it on level 8 of the Dungeon)
 T - a wand of polymorph (39)
   (You found it on level 11 of the Dungeon)
 X - a wand of charming (50)
   (You found it on level 1 of the Lair of Beasts)
Scrolls
 s - 30 scrolls of teleportation {@r4}
 x - 4 scrolls of silence
 A - 4 scrolls of fog
 B - 4 scrolls of blinking
 C - 7 scrolls of fear
 N - a scroll of immolation {!r}
 P - 4 scrolls of revelation
 U - 4 scrolls of vulnerability {!r}
Potions
 b - 3 potions of invisibility
 c - 3 potions of mutation {!q}
 f - 12 potions of ambrosia
 h - 9 potions of heal wounds {@q2}
 j - 6 potions of might
 m - 8 potions of cancellation
 r - 6 potions of resistance
 u - 8 potions of haste {@q3}
 F - 5 potions of magic
 J - 33 potions of curing {@q1}
 L - 5 potions of enlightenment
Miscellaneous
 e - a lightning rod (4/4) {!a}
   (You found it in a Gauntlet)
 p - the horn of Geryon
   (You took it off Geryon in the Vestibule of Hell)
 E - a tin of tremorstones (2/2)
   (You found it in a Gauntlet)
 S - a sack of spiders
   (You found it on level 3 of the Vaults)


   Skills:
 O Level 27 Fighting
 + Level 24.0 Dodging
 O Level 27 Unarmed Combat
 O Level 27 Shapeshifting


You had 26 spell levels left.
You didn't know any spells.
Your spell library contained the following spells:

 Spells                   Type           Power      Damage    Failure   Level
 Foxfire                  Conj/Fire      0%         2x1d4     26%         1
 Freeze                   Ice            0%         1d3       26%         1
 Kiss of Death            Conj/Necr      0%         2d5       26%         1
 Magic Dart               Conj           0%         1d3       26%         1
 Sandblast                Erth           0%         2d4       26%         1
 Sting                    Tmut/Pois      0%         1d3       26%         1
 Blink                    Tloc           0%         N/A       38%         2
 Cigotuvi's Dreadful Rot  Necr/Pois/Air  0%         N/A       38%         2
 Ensorcelled Hibernation  Hex/Ice        0%         N/A       38%         2
 Lesser Beckoning         Tloc           0%         N/A       38%         2
 Momentum Strike          Conj/Tloc      0%         3d8       38%         2
 Passwall                 Tmut/Erth      0%         N/A       38%         2
 Poisonous Vapours        Pois/Air       0%         N/A       38%         2
 Wereblood                Tmut           0%         N/A       38%         2
 Call Canine Familiar     Summ           0%         N/A       63%         3
 Dazzling Flash           Conj/Hex       0%         N/A       63%         3
 Frozen Ramparts          Ice            0%         1d1       63%         3
 Gell's Gravitas          Tloc           0%         N/A       63%         3
 Hailstorm                Conj/Ice       0%         3d5       63%         3
 Ignite Poison            Fire/Tmut/Pois 0%         N/A       63%         3
 Inner Flame              Hex/Fire       0%         N/A       63%         3
 Mephitic Cloud           Conj/Pois/Air  0%         N/A       63%         3
 Ozocubu's Armour         Ice            0%         N/A       63%         3
 Stone Arrow              Conj/Erth      0%         3d7       63%         3
 Summon Guardian Golem    Hex/Summ       0%         N/A       63%         3
 Swiftness                Air            0%         N/A       63%         3
 Teleport Other           Tloc           0%         N/A       63%         3
 Tukima's Dance           Hex            0%         N/A       63%         3
 Brom's Barrelling Bould  Conj/Erth      0%         2d3       96%         4
 Dimensional Bullseye     Hex/Tloc       0%         N/A       96%         4
 Dispel Undead            Necr           0%         3d6       96%         4
 Flame Wave               Conj/Fire      0%         2d4       96%         4
 Fulminant Prism          Conj/Hex       0%         3d5       96%         4
 Iskenderun's Mystic Bla  Conj/Tloc      0%         2d3       96%         4
 Leda's Liquefaction      Hex/Erth       0%         N/A       96%         4
 Olgreb's Toxic Radiance  Pois           0%         N/A       96%         4
 Passage of Golubria      Tloc           0%         N/A       96%         4
 Petrify                  Tmut/Erth      0%         N/A       96%         4
 Sticky Flame             Conj/Fire      0%         2d3       96%         4
 Summon Ice Beast         Ice/Summ       0%         N/A       96%         4
 Vhi's Electric Charge    Tloc/Air       0%         N/A       96%         4
 Agony                    Necr           0%         N/A       100%        5
 Alistair's Intoxication  Tmut/Pois      0%         N/A       100%        5
 Arcjolt                  Conj/Air       0%         1d10      100%        5
 Borgnjor's Vile Clutch   Necr/Erth      0%         N/A       100%        5
 Freezing Cloud           Conj/Ice/Air   0%         6-21      100%        5
 Irradiate                Conj/Tmut      0%         3d11      100%        5
 Iskenderun's Battlesphe  Conj           0%         2d6       100%        5
 Metabolic Englaciation   Hex/Ice        0%         N/A       100%        5
 Silence                  Hex/Air        0%         N/A       100%        5
 Bombard                  Conj/Erth      0%         9d1       100%        6
 Conjure Ball Lightning   Conj/Air       0%         3x3d6     100%        6
 Death Channel            Necr           0%         N/A       100%        6
 Dispersal                Tloc           0%         N/A       100%        6
 Eringya's Noxious Bog    Tmut/Pois      0%         4d6       100%        6
 Plasma Beam              Fire/Air       0%         2x1d10    100%        6
 Starburst                Conj/Fire      0%         6d3       100%        6
 Haunt                    Necr/Summ      0%         N/A       100%        7
 Malign Gateway           Summ/Tloc      0%         N/A       100%        7
 Ozocubu's Refrigeration  Ice            0%         4d7       100%        7
 Spellforged Servitor     Conj/Summ      0%         N/A       100%        7
 Borgnjor's Revivificati  Necr           0%         N/A       100%        8
 Discord                  Hex            0%         N/A       100%        8
 Disjunction              Tloc           0%         N/A       100%        8
 Ignition                 Fire           0%         3d3       100%        8
 Lehudib's Crystal Spear  Conj/Erth      0%         10d2      100%        8
 Summon Horrible Things   Summ           0%         N/A       100%        8
 Death's Door             Necr           0%         N/A       100%        9
 Polar Vortex             Ice            0%         N/A       100%        9
 Sublimation of Blood     Necr           Unusable   N/A       N/A         2
 Animate Dead             Necr           Unusable   N/A       N/A         4
 Simulacrum               Ice/Necr       Unusable   N/A       N/A         6

Dungeon Overview and Level Annotations

Branches:
Dungeon (15/15)            Temple (1/1) D:7            Lair (5/5) D:10
 Shoals (4/4) Lair:2       Spider (4/4) Lair:3        Slime (5/5) Lair:4
    Orc (2/2) D:9             Elf (3/3) Orc:2        Vaults (5/5) D:13
  Crypt (3/3) Vaults:2       Tomb (1/3) Crypt:3      Depths (4/4) D:15
   Hell (visited)             Dis (0/7) Hell            Geh (0/7) Hell
    Coc (0/7) Hell            Tar (0/7) Hell            Zot (5/5) Depths:4
  Sewer (visited)         Ossuary (visited)         Volcano (visited)
Gauntlet (visited)

Altars:
Ashenzari
Cheibriados
Dithmenos
Elyvilon
Fedhas
Gozag
Hepliaklqana
Kikubaaqudgha
Makhleb
Nemelex Xobeh
Okawaru
Qazlal
Ru
Sif Muna
Trog
Uskayaw
Vehumet
Wu Jian
Xom
Yredelemnul
Zin
The Shining One

Shops:
D:1 [   D:5 (   D:7 :=?   D:8 !   D:13 ?:   D:15 !===**   Orc:1 *   Orc:2 =(*[
Elf:1 *   Elf:3 [   Shoals:1 (   Shoals:2 !(!*[   Shoals:3 *   Shoals:4 *
Vaults:1 !:   Vaults:2 (   Depths:1 :   Depths:2 :=

Portals:
Hell: Depths:1 Depths:2 Depths:3 Depths:4
Abyss: Depths:2 Depths:3 Depths:4
Pandemonium: Depths:2
Ziggurat: Depths:3

Annotations:
D:9 exclusions: orange crystal statue and 1 more exclusion
Elf:2 3 runed translucent doors
Zot:1 1 runed translucent door, Ogritsah's ghost, legendary MiBe
Pan Lom Lobon


Innate Abilities, Weirdness & Mutations

You are a lightning-filled tempest!
Your electrical attacks strike out in all directions at once.
You are incredibly evasive.
Your insubstantial body is immune to petrification, constriction, and being set on fire You are flying.
Your armour is entirely melded.
You are incapable of wielding weapons or throwing items.
You cannot wear most types of armour.
You are amphibious.
You can wear up to eight rings at the same time.
You are immune to poison.
((Your skin changes colour to match your surroundings (Stealth+).))
((Your rubbery body absorbs attacks. (AC +1, EV +1)))
((You are camouflaged when in or above water. (Stealth+)))
((You have tentacles for arms and can constrict up to eight enemies at once.))
((You have very sharp teeth.))
((You are partially covered in large bone plates. (SH +4)))
((You are covered in fur. (AC +1)))
You have hidden genetic potential.
Your spells are a little easier to cast, but a little less powerful.


Message History

Lom Lobon gestures.
Lom Lobon blinks!
You are engulfed in freezing vapours.
You resist.
* * * LOW HITPOINT WARNING * * *
The hellwing is no longer distracted by gold.
The smoke demon gestures at you. The ball of steam misses you.
Unknown command.
You batter the smoke demon!!
Lightning courses through the smoke demon!
You kill the smoke demon!
Lom Lobon gestures. 2 ball lightnings come into view.
The hellwing swoops through the air toward you!
The hellwing completely misses you. x2
You batter the hellwing!!
You blast the hellwing!!!
Lightning courses through the hellwing!
You kill the hellwing!
The ball lightning explodes!
The blast of lightning engulfs the blizzard demon.
The blizzard demon completely resists.
The blast of lightning engulfs the ball lightning.
The ball lightning completely resists.
The blizzard demon gestures at you. The freezing blast misses you.
You are engulfed in freezing vapours.
You resist.
A ball lightning comes into view.
You see here 6 gold pieces.
The ball lightning explodes!
The blast of lightning engulfs Lom Lobon.
Lom Lobon completely resists.
The ball lightning explodes!
The blast of lightning engulfs the blizzard demon.
The blizzard demon completely resists.
The blast of lightning engulfs you! You resist.
* * * LOW HITPOINT WARNING * * *
The blast of lightning engulfs Lom Lobon.
Lom Lobon completely resists.
The blizzard demon gestures at you. The freezing blast misses you.
You hear a shout!
You closely miss the blizzard demon. You punch the blizzard demon!
You are engulfed in freezing vapours.
You resist.
* * * LOW HITPOINT WARNING * * *
Lom Lobon gestures at you.
Lom Lobon conjures a mighty blast of ice!
The great icy blast engulfs the blizzard demon!!!
The blizzard demon partially resists.
The blizzard demon is flash-frozen.
The great icy blast engulfs you!!! You partially resist.
You die...
Your body crumbles into a pile of gold.

≈≈≈≈........≈≈≈4≈#
≈≈≈≈≈.....≈.≈≈≈≈≈##
≈≈≈≈≈≈≈≈..≈≈≈≈≈≈≈≈#
≈≈≈≈≈≈≈≈≈≈≈≈≈.≈≈≈≈##
≈≈≈≈≈≈≈≈≈≈≈≈≈..≈§≈≈##
≈≈≈≈≈≈≈≈≈≈..[...§§≈≈##
#≈≈≈≈≈≈≈≈≈≈).⌠°☼☼§§≈≈##
#≈≈≈≈≈≈≈≈≈...§☼☼○2§§≈☼##
###≈≈≈≈≈≈≈≈≈≈○○°v☼§§&°○##
####≈≈≈≈≈≈≈§○°○☼§§°○○$###
##≈≈≈≈≈≈≈☼≈≈☼○○§☼°§&§####
####≈≈≈≈≈########≈*≈$≈≈####
####### ###≈≈≈$≈≈≈≈
####≈≈≈≈≈ ######


You could see Lom Lobon (gusty) and a blizzard demon (frozen).

Vanquished Creatures
  the Royal Jelly (Slime:5)
  Gloorx Vloq (Pan)
  Dissolution (Slime:2)
  2 dread liches
  7 orbs of fire
  2 pandemonium lords (Pan)
  7 ancient liches
  Mara (Vaults:5)
  2 royal mummies (Tomb:1)
  Boris (twice) (Vaults:2 Vaults:4)
  The ghost of Nuciocask the Axe Maniac, a veteran MiBe of Trog (Crypt:2)
  3 Killer Klowns (Zot:5)
  Geryon (Hell)
  6 curse toes
  5 golden dragons
  Norris (Vaults:1)
  A bone dragon (Crypt:3)
  7 Tzitzimimeh (Pan)
  A Brimstone Fiend (Pan)
  The ghost of jotaen the Minotaur Barricade, an adept MiFi of Okawaru (Vaults:1)
  2 electric golems (Zot:5)
  A hellephant (Abyss:3)
  25 Orb Guardians (Zot:5)
  9 liches
  A shard shrike skeleton (Crypt:2)
  21 tentacled monstrosities
  A Hell Sentinel (Pan)
  6 titans
  23 acid blobs
  9 ancient champions
  2 deep elf blademasters (Elf:3)
  9 quicksilver dragons
  10 sphinxes
  2 deep elf master archers (Elf:3)
  12 Executioners
  Gastronok (Lair:3)
  Polyphemus (Shoals:2)
  8 death cobs
  5 tengu reavers
  Agnes (D:15)
  4 tentacled starspawn (Abyss:3)
  8 rockslimes
  8 shadow dragons
  Donald (Shoals:1)
  3 draconian monks
  12 fire giants
  12 storm dragons
  A demonspawn warmonger (Pan)
  5 azure jellies
  5 revenants
  2 deep elf elementalists (Elf:3)
  20 vault wardens
  4 iron dragons
  10 draconian scorchers
  3 emperor scorpions
  5 draconian knights
  5 draconian shifters
  8 deep elf sorcerers
  2 curse skulls
  3 ghouls
  5 orc warlords
  Louise (D:15)
  4 ghost moths
  A balrug (Depths:2)
  6 frost giants
  4 reapers
  4 cacodemons (Abyss:3)
  A juggernaut zombie (Crypt:2)
  6 draconian stormcallers
  The ghost of Nuutul the Unseen, an adept SpEn of Dithmenos (Spider:2)
  5 formless jellyfish
  A rockslime zombie (Crypt:2)
  5 draconian annihilators
  15 ironbound preservers
  2 demonspawn corrupters (Pan)
  4 broodmothers
  4 war gargoyles
  8 quicksilver oozes
  A spriggan defender (Depths:3)
  13 very ugly things
  A demonspawn blood saint (Pan)
  2 caustic shrike skeletons (Pan)
  16 stone giants
  A juggernaut skeleton (Depths:3)
  5 vampire knights
  10 ironbound thunderhulks
  A demonspawn black sun (Pan)
  9 black draconians
  8 green draconians
  7 deep elf annihilators
  Nessos (D:15)
  11 dire elephants
  5 deep elf demonologists
  Azrael (D:15)
  9 purple draconians
  11 yellow draconians
  3 lorocyprocas
  7 red draconians
  A wendigo (Hell)
  17 ettins
  A minotaur (Gauntlet)
  5 spark wasps
  8 white draconians
  9 eidola
  7 deep elf death magi
  5 merfolk javelineers (Shoals:4)
  5 mummy priests (Tomb:1)
  8 blizzard demons
  5 spriggan zombies
  7 deep elf high priests
  A green death (Depths:2)
  10 entropy weavers
  17 yaktaur captains
  2 jiangshi (Crypt:1)
  10 merfolk impalers
  Fannar (D:10)
  30 vault guards
  12 fire dragons
  7 great orbs of eyes
  6 hydras
  3 hell beasts
  11 ice dragons
  6 ogre magi
  6 radroaches
  7 spriggan air magi
  2 merfolk avatars (Shoals:4)
  10 boulder beetles
  A ghost crab (Gauntlet)
  2 spriggan skeletons
  3 death knights
  4 rakshasas
  8 jorogumos
  20 dancing weapons
  A fenstrider witch skeleton (Crypt:1)
  6 merfolk aquamancers
  18 centaur warriors
  11 ironbound frosthearts
  3 catoblepae
  16 two-headed ogres
  8 deep troll earth magi
  2 satyrs
  A naga warrior (Abyss:3)
  11 death scarabs
  8 death yaks
  An Orb Guardian skeleton (Crypt:1)
  5 deep troll shamans
  5 thrashing horrors (Abyss:3)
  A two-headed ogre (shapeshifter) (Depths:3)
  7 orc high priests
  7 tengu warriors
  3 vampire magi
  5 hell hogs (Hell)
  An occultist (Depths:2)
  A spectral emperor scorpion (Spider:2)
  5 deep elf knights
  23 demonic crawlers
  3 spriggan berserkers
  11 soul eaters
  A titan zombie (Hell)
  5 wretched stars (Abyss:3)
  5 shadow wraiths
  A spatial maelstrom (Abyss:3)
  20 sun demons
  5 sun moths
  A fire crab (shapeshifter) (Vaults:5)
  10 iron trolls
  A titan skeleton (Crypt:3)
  3 sixfirhies
  8 pharaoh ants
  A deep troll (shapeshifter) (Elf:2)
  40 deep trolls
  10 glowing orange brains
  A sea snake (shapeshifter) (Vaults:5)
  9 skysharks
  Lodul (D:14)
  7 sea snakes
  7 orb spiders
  24 skeletal warriors
  A quicksilver dragon simulacrum (Hell)
  3 spark wasp zombies (Hell)
  A shadow demon (Pan)
  An obsidian statue (Volcano)
  A spriggan simulacrum (Hell)
  A shadow dragon zombie (Depths:3)
  11 arcanists
  4 flayed ghosts
  A bog body (Crypt:1)
  A spectral jorogumo (Spider:4)
  A swamp dragon (shapeshifter) (Depths:1)
  4 steelbarb worms
  13 deep elf archers
  11 phantasmal warriors
  16 ironbound convokers
  Pikel (D:6)
  A wolf spider zombie (Spider:4)
  18 deep elf zephyrmancers
  4 spectral wolf spiders
  7 lindwurms
  2 tengu zombies (Hell)
  6 necromancers
  16 orc knights
  6 shining eyes
  36 ugly things
  2 iron dragon zombies
  A wolf spider (shapeshifter) (Depths:1)
  17 wolf spiders
  4 frost giant zombies
  11 harpies
  25 deep elf pyromancers
  5 orc sorcerers
  2 worldbinders (Abyss:3)
  11 fauns
  2 stone giant zombies (Hell)
  5 cyclopes
  A salamander (Depths:1)
  A jorogumo skeleton (Crypt:3)
  20 manticores
  24 moths of wrath
  An alligator skeleton (Crypt:2)
  6 black mambas
  A guardian serpent (Abyss:3)
  10 rust devils
  9 elephants
  A black mamba (shapeshifter) (Elf:2)
  2 kobold blastminers (Orc:1)
  9 merfolk sirens
  5 molten gargoyles (Hell)
  21 smoke demons
  8 torpor snails
  An eye of devastation (shapeshifter) (Abyss:3)
  8 water nymphs
  An emperor scorpion simulacrum (Spider:2)
  7 eyes of devastation
  13 vault sentinels
  6 orange demons
  3 gargoyles
  2 alligator snapping turtle zombies
  A storm dragon simulacrum (Hell)
  7 komodo dragons
  51 large abominations
  18 cane toads
  3 spectral redbacks (Spider:4)
  A hellion (Hell)
  An unseen horror (Abyss:3)
  4 rime drakes
  3 efreet
  4 freezing wraiths
  A tormentor (Abyss:3)
  36 yaktaurs
  3 tengu conjurers
  2 ice devils
  A redback zombie (Spider:4)
  2 ghost moth simulacra (Spider:2)
  4 ancient zymes (Abyss:3)
  4 trolls
  34 merfolk
  An anaconda simulacrum (Crypt:2)
  A harpy zombie (Tomb:1)
  6 guardian mummies
  A meliai (shapeshifter) (Vaults:5)
  A grey draconian skeleton (Crypt:1)
  A red devil (Pan)
  32 tarantellas
  The ghost of Azuvok the Chopper, an amateur MiGl (D:5)
  6 polar bears (Lair:5)
  A queen bee (D:12)
  A wolf spider simulacrum (Spider:2)
  12 meliai
  8 hornets
  A merfolk (shapeshifter) (Vaults:1)
  3 spectral jumping spiders (Spider:4)
  6 spectral tarantellas (Spider:4)
  7 raiju (Abyss:3)
  4 glass eyes
  10 hellwings (Pan)
  20 blink frogs
  7 wind drakes
  3 harpy skeletons
  A culicivora zombie (Spider:4)
  A jumping spider zombie (Spider:4)
  2 tarantella zombies (Spider:4)
  A death drake skeleton (Crypt:3)
  15 snapping turtles
  2 ettin zombies
  A jumping spider (shapeshifter) (D:15)
  2 ice dragon skeletons
  10 flying skulls
  2 air elementals (Elf:1)
  103 slime creatures
  Sigmund (D:4)
  A centaur simulacrum (Abyss:3)
  41 jumping spiders
  3 vampires
  9 ynoxinuls
  2 shadows
  28 culicivoras
  14 spriggans
  6 starcursed masses (Abyss:3)
  4 fire elementals (D:15)
  3 ushabtiu (Tomb:1)
  58 yaks
  2 dire elephant simulacra
  13 wraiths
  A fire dragon skeleton (Crypt:3)
  4 wyverns
  11 fire bats
  2 black mamba skeletons
  A neqoxec (Abyss:3)
  20 water elementals
  10 basilisks
  3 vampire mosquitoes
  5 chaos spawn
  10 golden eyes
  A redback (shapeshifter) (Vaults:5)
  72 redbacks
  Menkaure (D:6)
  4 nagas (Abyss:3)
  4 steam dragons
  4 spatial vortices (Abyss:3)
  3 wargs
  A spectral entropy weaver (Spider:2)
  3 swamp worms (Gauntlet)
  A two-headed ogre zombie (Crypt:2)
  A swamp worm (shapeshifter) (Vaults:5)
  3 acid dragons
  13 water moccasins
  10 hell hounds
  A human skeleton (Depths:3)
  A glowing shapeshifter skeleton (Depths:3)
  2 ice beasts
  37 orc warriors
  Pargi (Sewer)
  6 black bears
  A black mamba simulacrum (Crypt:2)
  An ettin simulacrum (Crypt:2)
  2 sky beasts (D:8)
  An ogre (shapeshifter) (D:14)
  20 small abominations (Abyss:3)
  15 ogres
  24 wolves
  6 centaurs
  4 boggarts (Lair:5)
  3 lemures (D:6)
  A phantom (D:5)
  4 brain worms
  2 elf zombies
  10 bullfrogs
  A gnoll sergeant (D:8)
  A salamander zombie (Crypt:3)
  5 scorpions
  4 earth elementals
  An entropy weaver simulacrum (Spider:2)
  A yaktaur skeleton (Crypt:3)
  A wyvern zombie (Crypt:3)
  20 wights
  42 killer bees
  A troll skeleton (Crypt:1)
  4 howler monkeys
  A centaur zombie (Ossuary)
  11 electric eels
  2 crimson imps (Gauntlet)
  A bullfrog zombie (D:5)
  6 lava snakes (Volcano)
  6 jellies
  A wolf skeleton (Crypt:3)
  19 orc priests
  3 hounds
  Crazy Yiuf (D:4)
  A basilisk skeleton (Crypt:1)
  A bullfrog skeleton (D:5)
  A human zombie (Ossuary)
  An iron imp (Abyss:3)
  2 centaur skeletons
  2 sleepcaps
  A black bear skeleton (Crypt:3)
  2 iguanas
  Natasha (thrice) (D:2)
  18 orc wizards
  9 hell rats
  A crocodile zombie (Crypt:2)
  A naga zombie (Crypt:2)
  32 mummies
  12 gnolls
  2 howler monkey skeletons
  6 adders
  A river rat (D:5)
  A steam dragon skeleton (Crypt:1)
  A shadow imp (D:7)
  3 white imps
  4 ufetubi
  4 worms
  A worm (shapeshifter) (D:13)
  2 dart slugs
  68 orcs
  3 ball pythons
  12 bats
  10 endoplasms
  3 giant cockroaches
  6 gnoll zombies (Ossuary)
  5 hobgoblins
  6 jackals
  3 quokkas
  A river rat zombie (Crypt:2)
  6 goblins
  A goblin skeleton (Crypt:1)
  2 goblin zombies (D:5)
  5 hobgoblin zombies (Ossuary)
  10 kobolds
  A quokka zombie (Crypt:3)
  5 rats
  A spectral weapon (Shoals:3)
  5 starspawn tentacles (Abyss:3)
2879 creatures vanquished.

Vanquished Creatures (others)
  A blizzard demon (Pan)
  A sun demon (Hell)
  2 glowing orange brains (Pan)
  A spriggan simulacrum (Hell)
  A deep elf pyromancer (Elf:1)
  A harpy (Shoals:2)
  2 smoke demons (Pan)
  2 hellwings (Pan)
  A tyrant leech (Gauntlet)
  3 water elementals
  A hound (D:10)
  4 ball lightnings (Pan)
  4 starspawn tentacles (Abyss:3)
24 creatures vanquished.

Grand Total: 2903 creatures vanquished

Notes
Turn   | Place    | Note
-------+----------+-------------------------------------------
     0 | D:1      | James the Octopode Shapeshifter began the quest for the
                  | Orb.
     0 | D:1      | Reached XP level 1. HP: 13/13 MP: 1/1
    61 | D:1      | Found Humposis's Armour Boutique.
   509 | D:1      | Reached XP level 2. HP: 18/18 MP: 2/2
   970 | D:2      | Noticed Natasha
   978 | D:2      | Reached XP level 3. HP: 14/23 MP: 3/3
   981 | D:2      | Killed Natasha
  1101 | D:2      | Reached XP level 4. HP: 28/28 MP: 4/4
  1134 | D:2      | Noticed Natasha
  1146 | D:2      | Killed Natasha
  1147 | D:2      | Reached skill level 5 in Unarmed Combat
  1500 | D:2      | Noticed Natasha
  1505 | D:2      | Killed Natasha
  1506 | D:2      | Reached XP level 5. HP: 33/33 MP: 5/5
  1751 | D:3      | Found a blossoming altar of Fedhas.
  1969 | D:3      | Found a faded altar of an unknown god.
  2324 | D:4      | Found a glowing silver altar of Zin.
  2324 | D:4      | Noticed an angel
  2506 | D:4      | Noticed a black bear
  2615 | D:4      | Reached XP level 6. HP: 25/38 MP: 6/6
  2719 | D:4      | Noticed Sigmund
  2944 | D:4      | Noticed an ice beast
  3056 | D:4      | Found a bloodstained altar of Trog.
  3099 | D:4      | Found a runed translucent door.
  3100 | D:4      | Noticed Crazy Yiuf
  3270 | D:5      | Entered Level 5 of the Dungeon
  3270 | D:5      | Found a runed translucent gate.
  3270 | D:5      | Found a sparkling altar of Nemelex Xobeh.
  3271 | D:5      | Found a runed translucent gate.
  3272 | D:5      | Found a runed translucent gate.
  3281 | D:5      | Reached skill level 5 in Shapeshifting
  3297 | D:5      | Found a sand-covered staircase.
  3304 | Ossuary  | Entered an ossuary
  3314 | Ossuary  | Reached XP level 7. HP: 43/43 MP: 7/7
  3461 | D:5      | Found a glowing drain.
  3465 | Sewer    | Entered a sewer
  3501 | Sewer    | Noticed Pargi
  3513 | Sewer    | Killed Pargi
  3773 | D:5      | Reached XP level 8. HP: 44/48 MP: 8/8
  3854 | D:5      | Found Fiop's Antique Weapon Shoppe.
  4153 | D:4      | Found an iron altar of Okawaru.
  4455 | D:4      | Found a shimmering altar of Xom.
  4521 | D:4      | Found a radiant altar of Vehumet.
  4878 | D:4      | Found a bloodstained altar of Trog.
  4924 | D:4      | Found an iron altar of Okawaru.
  4995 | D:4      | Found a radiant altar of Vehumet.
  5035 | D:4      | Found a glowing silver altar of Zin.
  5035 | D:4      | Found a shimmering altar of Xom.
  5939 | D:5      | Noticed Azuvok's ghost (amateur MiGl)
  6085 | D:6      | Noticed Pikel
  6157 | D:6      | Killed Pikel
  6158 | D:6      | Reached skill level 5 in Fighting
  6158 | D:6      | Reached XP level 9. HP: 33/62 MP: 9/9
  6375 | D:6      | Noticed Menkaure
  6380 | D:6      | Killed Menkaure
  7103 | D:7      | Found Katriz's Magic Scroll Shoppe.
  7107 | D:7      | Found Postaar's Jewellery Shoppe.
  7109 | D:7      | Found Vufrymoj's Book Shoppe.
  7318 | D:7      | Found a snail-covered altar of Cheibriados.
  7321 | D:7      | Found an ancient bone altar of Kikubaaqudgha.
  7809 | D:7      | Found a staircase to the Ecumenical Temple.
  7815 | Temple   | Entered the Ecumenical Temple
  7833 | Temple   | Became a worshipper of Gozag Ym Sagoz the Greedy
  8223 | D:4      | Killed Crazy Yiuf
  8228 | D:4      | Identified the +5 hammer of the Nexus {holy, rElec Will+
                  | Str+2 Int-3}
  8322 | D:4      | Found a bloodstained altar of Trog.
  8368 | D:4      | Found an iron altar of Okawaru.
  8439 | D:4      | Found a radiant altar of Vehumet.
  8479 | D:4      | Found a glowing silver altar of Zin.
  8479 | D:4      | Found a shimmering altar of Xom.
  8748 | D:4      | Killed Sigmund
  8953 | D:5      | Killed Azuvok's ghost
  9279 | D:8      | Reached XP level 10. HP: 72/72 MP: 10/10
  9515 | D:8      | Noticed a gargoyle
  9532 | D:8      | Killed a gargoyle
  9639 | D:8      | Found Xeipsiv's Distillery.
  9766 | D:8      | Reached skill level 10 in Shapeshifting
  9820 | D:7      | Bought a scroll of identify for 28 gold pieces
 10350 | D:8      | Paralysed by a hornet for 2 turns
 10686 | D:9      | Noticed an orange crystal statue
 11354 | D:9      | Reached XP level 11. HP: 77/77 MP: 11/11
 11391 | D:9      | Found a staircase to the Orcish Mines.
 11503 | D:9      | Noticed a centaur warrior
 11822 | D:10     | Entered Level 10 of the Dungeon
 11884 | D:9      | Killed a centaur warrior
 12788 | D:10     | Noticed Fannar
 12796 | D:10     | Killed Fannar
 12925 | D:10     | Found a staircase to the Lair.
 13417 | D:7      | Bought the serpent talisman "Dunom" {Stlth+} for 1008 gold
                  | pieces
 13929 | D:9      | Found an ornate altar of the Wu Jian Council.
 14349 | D:11     | Noticed a two-headed ogre
 14606 | D:11     | Killed a two-headed ogre
 14607 | D:11     | Reached XP level 12. HP: 82/82 MP: 10/12
 14663 | D:11     | Noticed a two-headed ogre
 14669 | D:11     | Killed a two-headed ogre
 14727 | D:11     | Noticed a two-headed ogre
 14904 | D:11     | Reached skill level 10 in Unarmed Combat
 15130 | Lair:1   | Entered Level 1 of the Lair of Beasts
 15362 | Lair:1   | You fall into a shaft and drop 1 floor!
 16747 | D:7      | Bought the ring "Utoism" {rF+ rC+ MP+9 Dex+6 Stlth+} for
                  | 1101 gold pieces
 16914 | Lair:2   | Found a staircase to the Shoals.
 17077 | Lair:2   | Noticed a four-headed hydra
 17288 | Lair:2   | Killed a four-headed hydra
 17588 | Lair:3   | Reached skill level 10 in Fighting
 17600 | Lair:3   | Reached XP level 13. HP: 91/92 MP: 13/13
 17646 | Lair:3   | Reached skill level 5 in Dodging
 17674 | Lair:3   | Found a dark tunnel.
 17680 | Volcano  | Entered a volcano
 17927 | Volcano  | Found a radiant altar of Vehumet.
 18720 | Lair:3   | Noticed Gastronok
 18743 | Lair:3   | Killed Gastronok
 19197 | Lair:3   | Found a hole to the Spider Nest.
 20071 | Lair:4   | Found a staircase to the Slime Pits.
 20223 | Lair:4   | Reached XP level 14. HP: 103/103 MP: 14/14
 20877 | Lair:5   | Entered Level 5 of the Lair of Beasts
 22048 | Lair:5   | Reached skill level 15 in Unarmed Combat
 22705 | Lair:5   | Identified the +4 whip "Senem" {speed, Int+3}
 22813 | Lair:5   | Reached XP level 15. HP: 26/108 MP: 6/15
 23865 | D:8      | Bought a potion of heal wounds for 60 gold pieces
 23865 | D:8      | Bought a potion of heal wounds for 60 gold pieces
 23918 | Orc:1    | Entered Level 1 of the Orcish Mines
 23976 | Orc:1    | Reached skill level 15 in Shapeshifting
 24521 | Orc:1    | Found Fosacis's Assorted Antiques.
 24525 | Orc:1    | Bought a scroll labelled ITSY SONGEDA for 18 gold pieces
 24527 | Orc:1    | Bought a scroll of revelation for 135 gold pieces
 24799 | Orc:2    | Entered Level 2 of the Orcish Mines
 25121 | Orc:2    | Noticed an orc warlord
 25156 | Orc:2    | Found a staircase to the Elven Halls.
 25433 | Orc:2    | Noticed an orc warlord
 25691 | Orc:2    | Killed an orc warlord
 26351 | Orc:2    | Killed an orc warlord
 26573 | Orc:2    | Found Feseoh's General Store.
 26574 | Orc:2    | Found Nijynk's Jewellery Shop.
 26576 | Orc:2    | Found Setrebob's Antique Armour Boutique.
 26576 | Orc:2    | Found Xiduunal's Antique Weapon Boutique.
 26862 | Orc:2    | Bought the ring of Balance {rElec rPois rF- Slay+6} for 626
                  | gold pieces
 27404 | D:12     | Found a gate leading to a gauntlet.
 27507 | Gauntlet | Entered a Gauntlet
 27507 | Gauntlet | Found a transporter.
 27507 | Gauntlet | Found a transporter.
 27507 | Gauntlet | Found a transporter.
 27508 | Gauntlet | Found a transporter.
 27511 | Gauntlet | Found a transporter.
 27511 | Gauntlet | Found a transporter.
 27525 | Gauntlet | Found a transporter.
 27525 | Gauntlet | Found a transporter.
 27535 | Gauntlet | Found a transporter.
 27636 | Gauntlet | Found a transporter.
 27640 | Gauntlet | Found a transporter.
 27650 | Gauntlet | Found a transporter.
 27820 | Gauntlet | Identified the ring "Cucisef" {*Slow rF++ rN+ Will+ rCorr}
 27857 | Gauntlet | Identified the +0 hat of the Vestibule of Hell {Fly Int-4
                  | Dex+3 SInv}
 27884 | Gauntlet | Identified the +4 chain mail of Patience {-Tele rC+ Str+3
                  | Dex+2}
 28512 | D:12     | You fall into a shaft and drop 1 floor!
 29570 | D:13     | Identified the +0 pair of boots of Grace {rPois Str+6
                  | Stlth-}
 29722 | D:13     | Reached XP level 16. HP: 119/119 MP: 16/16
 29755 | D:13     | Found a gate to the Vaults.
 30058 | D:13     | Found a gate to the Vaults.
 30438 | D:14     | Reached skill level 10 in Dodging
 30490 | D:14     | Noticed Lodul
 30497 | D:14     | Killed Lodul
 31279 | D:15     | Entered Level 15 of the Dungeon
 31503 | D:15     | Found a staircase to the Depths.
 31670 | D:15     | Identified the +3 leather armour of Courage {rF- Will+
                  | Regen+ Int+4}
 31975 | D:15     | Noticed Nessos
 32049 | D:15     | Found a shadowy altar of Dithmenos.
 32070 | D:15     | Noticed Azrael
 32085 | D:15     | Killed Azrael
 32174 | D:15     | Noticed Louise
 32186 | D:15     | Killed Louise
 33369 | Spider:1 | Entered Level 1 of the Spider Nest
 34416 | Spider:1 | Reached XP level 17. HP: 125/125 MP: 17/17
 34694 | Spider:1 | You fall into a shaft and drop 1 floor!
 35790 | Spider:2 | Found a transporter.
 35824 | Spider:2 | Noticed Nuutul's ghost (adept SpEn)
 35827 | Spider:2 | Found a transporter.
 38292 | Spider:4 | Entered Level 4 of the Spider Nest
 38518 | Spider:4 | Reached XP level 18. HP: 131/131 MP: 18/18
 40978 | Spider:4 | Got a gossamer rune of Zot
 41996 | Spider:2 | Killed Nuutul's ghost
 42076 | Spider:2 | Identified the +1 helmet "Nantokki" {Harm rElec rF- rN+++}
 42388 | D:15     | Noticed Agnes
 42398 | D:15     | Killed Nessos
 42401 | D:15     | Killed Agnes
 42651 | D:15     | Bought a knobbly steel ring for 160 gold pieces
 42839 | Shoals:1 | Entered Level 1 of the Shoals
 42890 | Shoals:1 | Noticed Donald
 42915 | Shoals:1 | Killed Donald
 43750 | Shoals:2 | Found Munerchy's Distillery.
 43771 | Shoals:2 | Noticed Polyphemus
 44478 | Shoals:1 | Found Tyeghauk's Antique Weapon Shoppe.
 44487 | Shoals:1 | Reached XP level 19. HP: 136/136 MP: 19/19
 44828 | Shoals:2 | Found Zologg's Distillery.
 44842 | Shoals:2 | Found Fedap's Antique Armour Emporium.
 45012 | Shoals:2 | Found Enigg's General Store.
 45024 | Shoals:2 | Killed Polyphemus
 45385 | Shoals:2 | Found Yhac's Weapon Boutique.
 46294 | Elf:1    | Entered Level 1 of the Elven Halls
 46383 | Elf:1    | Found Cinung's Assorted Antiques.
 46389 | Elf:1    | Bought a scroll of revelation for 247 gold pieces
 46819 | Elf:1    | Got Dispater's Folio of Summoning
 47307 | Elf:2    | Found a flickering gateway to a bazaar.
 47313 | Bazaar   | Entered a bazaar
 47361 | Bazaar   | Found Jadutwel's Assorted Antiques.
 47364 | Bazaar   | Found Zent's Assorted Antiques.
 47371 | Bazaar   | Found Nyw Leucups's Distillery.
 47375 | Bazaar   | Bought a scroll of blinking for 157 gold pieces
 47382 | Bazaar   | Found Uqagead's Book Shop.
 47402 | Bazaar   | Bought a scroll of teleportation for 63 gold pieces
 47402 | Bazaar   | Bought a potion of curing for 63 gold pieces
 47408 | Bazaar   | Bought a scroll of teleportation for 114 gold pieces
 47417 | Bazaar   | Bought a potion of haste for 130 gold pieces
 47417 | Bazaar   | Bought a potion of curing for 39 gold pieces
 47417 | Bazaar   | Bought 2 potions of mutation for 208 gold pieces
 47417 | Bazaar   | Bought a potion of resistance for 130 gold pieces
 47417 | Bazaar   | Bought a potion of enlightenment for 65 gold pieces
 47771 | Elf:2    | Found a runed translucent gate.
 47771 | Elf:2    | Found a runed translucent gate.
 47777 | Elf:2    | Found a runed translucent gate.
 47905 | Elf:2    | Identified the +11 rapier of the Yoke {drain, rF+ Dex+3}
 48022 | Elf:3    | Entered Level 3 of the Elven Halls
 48127 | Elf:3    | Found Daih's Antique Armour Shoppe.
 48404 | Elf:3    | Found a hide-covered altar of Uskayaw.
 49736 | Elf:3    | Found a hide-covered altar of Uskayaw.
 49885 | Elf:3    | Found Daih's Antique Armour Shoppe.
 50221 | Abyss:3  | Cast into level 3 of the Abyss (a deep elf sorcerer)
 50409 | Abyss:3  | Found a hide-covered altar of Uskayaw.
 50572 | Abyss:3  | Reached XP level 20. HP: 108/144 MP: 20/20
 50652 | Elf:3    | Escaped the Abyss
 50680 | Elf:3    | Reached skill level 15 in Fighting
 50820 | Elf:3    | Identified the +0 leather armour of the Old World {*Slow
                  | rC+ Will+}
 50852 | Elf:3    | Identified the +1 leather armour of Lestreoll {rPois rC+
                  | Int+3 Dex-3}
 51386 | Elf:3    | Identified the +12 executioner's axe of the Middle {flame,
                  | Dex+3}
 51437 | Elf:3    | Identified the +4 ice dragon scales of Qegiriul {rF- rC++
                  | Will+ MP-9 Dex+3}
 51566 | Elf:3    | Identified the +9 dagger "Ilixkecka" {pain, rPois Will+
                  | Dex+4}
 51586 | Elf:3    | Identified the +5 flail of Wighepla {speed, *Rage Dex+5
                  | SInv}
 51661 | Elf:3    | Found the +7 Spriggan's Knife {stab, EV+4 Stlth+}
 51667 | Elf:3    | Got the Atlas of Moulding
 51676 | Elf:3    | Got the Exposition on the Iceberg and Poison
 51697 | Elf:3    | Got Mavim's Codex of Hurting
 52267 | Elf:3    | Found a hide-covered altar of Uskayaw.
 52515 | Elf:3    | Found Daih's Antique Armour Shoppe.
 52893 | Shoals:3 | Found Pouson's General Store.
 53626 | Shoals:4 | Entered Level 4 of the Shoals
 53664 | Shoals:4 | Found Quvem's General Store.
 53915 | Shoals:4 | Bought a scroll of revelation for 105 gold pieces
 54472 | Shoals:4 | Identified the +5 morningstar "Iliq" {elec, *Rage rPois
                  | rC+++ Str+3}
 54517 | Shoals:4 | Identified the staff of Agony {Str+2 SInv Ice Earth}
 54895 | Shoals:4 | Got a barnacled rune of Zot
 55100 | Shoals:4 | Got the Incunabulum of Rime
 55435 | Vaults:1 | Entered Level 1 of the Vaults
 55517 | Vaults:1 | Bought a manual of Fighting for 1760 gold pieces
 55538 | Vaults:1 | Reached XP level 21. HP: 135/159 MP: 21/21
 55919 | Vaults:1 | Identified the +0 plate armour "Cang" {rC++ Str-3 Int+5
                  | Slay+2}
 56021 | Vaults:1 | Noticed Norris
 56045 | Vaults:1 | Killed Norris
 56154 | Vaults:1 | Found a runed translucent gate.
 56154 | Vaults:1 | Found a runed translucent gate.
 56154 | Vaults:1 | Found a runed translucent gate.
 56154 | Vaults:1 | Noticed jotaen's ghost (adept MiFi)
 56154 | Vaults:1 | Identified the +12 chain mail of a wizard's laboratory
                  | {rElec rF+ Stlth-}
 57456 | Vaults:2 | Found a staircase to the Crypt.
 57456 | Vaults:2 | Found an ancient bone altar of Kikubaaqudgha.
 57456 | Vaults:2 | Found a basalt altar of Yredelemnul.
 57579 | Vaults:2 | Noticed Boris
 57587 | Vaults:2 | Killed Boris
 58314 | Vaults:2 | Found Ettouh's Antique Weapon Shoppe.
 59113 | Vaults:3 | Reached XP level 22. HP: 176/176 MP: 22/22
 59514 | Vaults:3 | Got the Almanac of Vitriolic Misfortune
 59984 | Vaults:3 | Got the Disquisition on the Door and Minerals
 60324 | Vaults:4 | Noticed Boris
 60330 | Vaults:4 | Killed Boris
 61677 | Vaults:1 | Killed jotaen's ghost
 62007 | Vaults:1 | Identified the +1 leather armour of Kindness {-Tele Fly
                  | Regen+ SInv}
 62184 | Depths:1 | Entered Level 1 of the Depths
 62184 | Depths:1 | Found a gateway to Hell.
 62884 | Depths:2 | Found a one-way gate leading to the halls of Pandemonium.
 62996 | Depths:2 | Found a one-way gate to the infinite horrors of the Abyss.
 63060 | Depths:2 | Found Suugel's Book Boutique.
 63086 | Depths:2 | Reached XP level 23. HP: 182/182 MP: 23/23
 63978 | Depths:3 | Found a one-way gateway to a ziggurat.
 64814 | Depths:3 | Identified the +7 orcbow of Oticw {flame, Drain rCorr
                  | Stlth+}
 65148 | Depths:4 | Entered Level 4 of the Depths
 65485 | Depths:4 | Noticed a golden dragon
 65502 | Depths:4 | Killed a golden dragon
 65862 | Depths:4 | Found a gate to the Realm of Zot.
 65862 | Depths:4 | Noticed a golden dragon
 65866 | Depths:4 | Killed a golden dragon
 66434 | Depths:4 | Reached XP level 24. HP: 189/189 MP: 23/23
 66860 | Crypt:1  | Entered Level 1 of the Crypt
 68388 | Crypt:2  | Found a runed translucent gate.
 68389 | Crypt:2  | Found a runed translucent gate.
 68390 | Crypt:2  | Found a runed translucent gate.
 68391 | Crypt:2  | Noticed Nuciocask's ghost (veteran MiBe)
 68391 | Crypt:2  | Found the +8 autumn katana {manifold assault}
 68472 | Crypt:3  | Entered Level 3 of the Crypt
 68850 | Crypt:3  | Noticed a curse toe
 68899 | Crypt:3  | Killed a curse toe
 68911 | Crypt:3  | Noticed an ancient lich
 68919 | Crypt:3  | Killed an ancient lich
 68934 | Crypt:3  | Reached skill level 27 in Shapeshifting
 69186 | Crypt:3  | Got Omyoh's Tome of the Lost Knives
 69187 | Crypt:3  | Identified the ring "Tefekumu" {Fire rPois rCorr}
 69699 | Crypt:3  | Found a staircase to the Tomb.
 70096 | D:15     | Bought the amulet of Zowkyat {Spirit Dex+2 Stlth+} for 616
                  | gold pieces
 70584 | Vaults:5 | Entered Level 5 of the Vaults
 70777 | Vaults:5 | Reached skill level 15 in Dodging
 70777 | Vaults:5 | Reached XP level 25. HP: 120/196 MP: 20/23
 71092 | Vaults:5 | Noticed a dread lich
 71152 | Vaults:5 | Killed a dread lich
 72490 | Vaults:5 | Noticed Mara
 72502 | Vaults:5 | Killed Mara
 72739 | Vaults:5 | Identified the +5 ring mail of Truth {Dex+7}
 72749 | Vaults:5 | Identified the +10 great sword "Huajoschi" {vamp, rF++
                  | Str+4 Dex+6}
 72752 | Vaults:5 | Identified the +9 spear of the Beast {venom, Drain Int+2
                  | Stlth+}
 72757 | Vaults:5 | Got a silver rune of Zot
 73107 | Vaults:5 | Found the +13 scythe of Curses {drain, curses, Drain}
 73140 | Vaults:5 | Identified the ring "Jytai" {Str+2 SInv}
 73168 | Vaults:5 | Identified the +2 plate armour of Crawling {rF- rN++ Int-2
                  | Dex+4}
 73717 | Vaults:5 | Identified the +3 broad axe "Jaceadd" {protect, rElec rC+
                  | rCorr}
 73723 | Vaults:5 | Identified the staff of Ytiofreu {*Slow rN+ Dex+5 Summ
                  | Earth}
 73726 | Vaults:5 | Identified the staff of True Grit {rPois rF+ Will+ Str+3
                  | SInv Fire}
 73728 | Vaults:5 | Got Zuebu's Compendium of the Catacomb and Ice
 74140 | Zot:1    | Entered Level 1 of the Realm of Zot
 74345 | Zot:1    | Found a runed translucent door.
 74346 | Zot:1    | Noticed Ogritsah's ghost (legendary MiBe)
 74600 | Zot:1    | Reached XP level 26. HP: 151/206 MP: 23/23
 74843 | Zot:1    | Found an opulent altar of Gozag.
 74878 | Zot:1    | Found an opulent altar of Gozag.
 74894 | Zot:1    | Found an opulent altar of Gozag.
 75027 | Zot:1    | Noticed an orb of fire
 75031 | Zot:1    | Gained mutation: Your health recovers twice as slowly from
                  | being drained. [an orb of fire]
 75035 | Zot:1    | Gained mutation: Your body sometimes deteriorates upon
                  | taking damage. [an orb of fire]
 75041 | Zot:1    | Killed an orb of fire
 77357 | Zot:2    | Found the macabre finger necklace {Finger+ rN+}
 77491 | Zot:3    | Got Tauff's Essays on Orientation and the Pyre
 77789 | Zot:3    | Noticed an orb of fire
 77799 | Zot:3    | Killed an orb of fire
 78835 | Zot:5    | Entered Level 5 of the Realm of Zot
 78835 | Zot:5    | Noticed an orb of fire
 78844 | Zot:5    | Killed an orb of fire
 79438 | Zot:5    | Noticed an ancient lich
 79516 | Zot:5    | Noticed a Killer Klown
 79533 | Zot:5    | Reached XP level 27. HP: 215/215 MP: 23/23
 79543 | Zot:5    | Noticed an ancient lich
 79549 | Zot:5    | Killed an ancient lich
 79655 | Zot:5    | Noticed an orb of fire
 79660 | Zot:5    | Gained mutation: You occasionally lose the ability to drink
                  | potions when taking damage. [an orb of fire]
 79668 | Zot:5    | Killed an orb of fire
 79754 | Zot:5    | Killed an ancient lich
 79767 | Zot:5    | Noticed an orb of fire
 79777 | Zot:5    | Killed an orb of fire
 79874 | Zot:5    | Noticed a dread lich
 79875 | Zot:5    | Noticed an orb of fire
 79878 | Zot:5    | Killed a dread lich
 79881 | Zot:5    | Killed an orb of fire
 79887 | Zot:5    | Noticed an orb of fire
 79887 | Zot:5    | Noticed an ancient lich
 79894 | Zot:5    | Killed an orb of fire
 79908 | Zot:5    | Noticed an ancient lich
 79910 | Zot:5    | Killed an ancient lich
 79919 | Zot:5    | Noticed an ancient lich
 79936 | Zot:5    | Killed an ancient lich
 79957 | Zot:5    | Killed an ancient lich
 81110 | Slime:1  | Entered Level 1 of the Pits of Slime
 81322 | Slime:4  | Gained mutation: Your magical capacity is low. (-10% MP) [a
                  | shining eye]
 81373 | Slime:5  | Entered Level 5 of the Pits of Slime
 81534 | Slime:5  | Gained mutation: You do not regenerate when monsters are
                  | visible. [a shining eye]
 81757 | Slime:5  | Found the ring of the Hare {EV+10}
 81765 | Slime:5  | Noticed the Royal Jelly
 81781 | Slime:5  | Killed the Royal Jelly
 81980 | Slime:5  | Identified the +0 morningstar of the Reaper {drain, Str+6
                  | Int-5 Stlth+}
 82283 | Slime:5  | Identified the ring "Cedustau" {rF+ Dex+6}
 82306 | Slime:5  | Identified the staff of Wariness {Contam rF+ Str+5 Fire}
 82330 | Slime:5  | Identified the +5 trident "Xosetu" {drain, Stlth+}
 82349 | Slime:5  | Identified the +10 great mace of the Beast {protect, Int+8
                  | Stlth-}
 82383 | Slime:5  | Identified the staff "Ihiom" {rC+ Dex+4 Ice}
 82386 | Slime:5  | Got a slimy rune of Zot
 82811 | Slime:4  | Gained mutation: You have hidden genetic defects. [a
                  | shining eye]
 83071 | Slime:2  | Noticed Dissolution
 83077 | Slime:2  | Killed Dissolution
 83289 | Lair:4   | Lost mutation: Your body sometimes deteriorates upon taking
                  | damage. [potion of mutation]
 83289 | Lair:4   | Lost mutation: You do not regenerate when monsters are
                  | visible. [potion of mutation]
 83289 | Lair:4   | Lost mutation: Your magical capacity is low. (-10% MP)
                  | [potion of mutation]
 83289 | Lair:4   | Lost mutation: Your health recovers twice as slowly from
                  | being drained. [potion of mutation]
 83289 | Lair:4   | Gained mutation: You have very sharp teeth. [potion of
                  | mutation]
 83289 | Lair:4   | Gained mutation: Your muscles are strong. (Str +4, Int/Dex
                  | -1) [potion of mutation]
 83290 | Lair:4   | Lost mutation: Your muscles are strong. (Str +4, Int/Dex
                  | -1) [potion of mutation]
 83290 | Lair:4   | Lost mutation: You have hidden genetic defects. [potion of
                  | mutation]
 83290 | Lair:4   | Gained mutation: You have hidden genetic potential. [potion
                  | of mutation]
 83290 | Lair:4   | Gained mutation: You are weak. (Str -2) [potion of
                  | mutation]
 83291 | Lair:4   | Lost mutation: You are weak. (Str -2) [potion of mutation]
 83291 | Lair:4   | Lost mutation: You occasionally lose the ability to drink
                  | potions when taking damage. [potion of mutation]
 83291 | Lair:4   | Gained mutation: You are covered in fur. (AC +1) [potion of
                  | mutation]
 83540 | Depths:2 | Upgraded the game from 0.31-a0-1163-gcee99d1eea to
                  | 0.31-a0-1169-gd935f9fcdc
 83546 | Depths:2 | Voluntarily entered the Abyss.
 83951 | Abyss:3  | Gained mutation: Your spells are a little easier to cast,
                  | but a little less powerful. [a cacodemon]
 83972 | Abyss:3  | Noticed a dread lich
 84010 | Abyss:3  | Got an abyssal rune of Zot
 84051 | Depths:2 | Escaped the Abyss
 84331 | Hell     | Entered the Vestibule of Hell
 84331 | Hell     | Noticed Geryon
 84342 | Hell     | Killed Geryon
 84600 | Hell     | Noticed an ancient lich
 84617 | Hell     | Killed an ancient lich
 84872 | Hell     | Found a gateway to the ashen valley of Gehenna.
 85007 | Hell     | Found a gateway to the Iron City of Dis.
 85052 | Hell     | Found a gateway to the freezing wastes of Cocytus.
 85147 | Hell     | Found a gateway to the decaying netherworld of Tartarus.
 85486 | Crypt:2  | Killed Nuciocask's ghost
 85552 | Crypt:2  | Identified the +1 cloak "Humoshry" {Str+5 Slay-4}
 86110 | Tomb:1   | Entered Level 1 of the Tomb of the Ancients
 86583 | Tomb:1   | Noticed a royal mummy
 86593 | Tomb:1   | Noticed a royal mummy
 86598 | Tomb:1   | Killed a royal mummy
 86603 | Tomb:1   | Killed a royal mummy
 87790 | Pan      | Entered Pandemonium
 87807 | Pan      | Found an exit through the horrors of the Abyss.
 88107 | Pan      | Noticed Elorph the pandemonium lord
 88127 | Pan      | Killed Elorph the pandemonium lord
 88142 | Pan      | Gained mutation: You are partially covered in large bone
                  | plates. (SH +4) [hidden potential]
 89356 | Pan      | Found an exit through the horrors of the Abyss.
 89833 | Pan      | Noticed Rugheici the pandemonium lord
 89842 | Pan      | Killed Rugheici the pandemonium lord
 90031 | Pan      | Entered the realm of Gloorx Vloq.
 90132 | Pan      | Reached skill level 27 in Fighting
 90157 | Pan      | Reached skill level 27 in Unarmed Combat
 90320 | Pan      | Noticed Gloorx Vloq
 90326 | Pan      | Killed Gloorx Vloq
 90378 | Pan      | Got a dark rune of Zot
 90502 | Pan      | Entered the realm of Lom Lobon.
 90502 | Pan      | Identified a scroll of acquirement
 90784 | Pan      | Noticed Lom Lobon
 90821 | Pan      | Killed from afar by Lom Lobon

Illustrated notes

Levels and vault maps discovered:
D:1:      dpeg_arrival_boxorama, layout_basic, serial_shops,
          nicolae_shop_statue_plus, chequers_serial_rivers_large_a
D:2:      layout_loops_cross, uniq_natasha
D:3:      layout_basic, fedhas_ov_isle_minmay,
          hellmonk_ecumenical_altar_leap_of_faith, roderic_batcave,
          hangedman_glass_teeth
D:4:      layout_basic, grunt_temple_overflow_order_and_chaos_1,
          kennysheep_little_box, general_overflow_altar, bloody_trog,
          uniq_crazy_yiuf_cottage, uniq_sigmund
D:5:      layout_gridville, nemelex_xobeh_ov_fountains_minmay, serial_shops,
          nicolae_shop_temple_entry_statues_fountains,
          gammafunk_ghost_necromancy, enter_ossuary_4, gup_sewer_entry_bowl
D:6:      layout_basic, uniq_menkaure, uniq_pikel
D:7:      layout_loops_ring, nicolae_overflow_squiral,
          minmay_temple_entry_arrows, nicolae_shop_distant_corner_stores
D:8:      cheibrodos_barr_body, layout_basic, serial_shops, nicolae_square_shop
D:9:      layout_gridville, nicolae_wu_jian_glorious_leap, david_orc_2,
          minmay_protected_statue
D:10:     layout_big_octagon, erik_lair_island, minmay_curled_crystal,
          chequers_big_river, uniq_fannar
D:11:     layout_basic
D:12:     layout_loops_ring, special_room [special_room_bee],
          gauntlet_entry_generic, kennysheep_boxes
D:13:     layout_rooms, skrybe_vaults_entry_preservation
D:14:     layout_loops_ring, small_statue_alley_a, drop_trap, uniq_lodul
D:15:     grunt_enter_depths_snipers, layout_cave_pods,
          nicolae_dithmenos_shadow_blocks, minivault_25_ag,
          minmay_misc_feat_tiny, uniq_nessos, uniq_agnes, uniq_louise,
          uniq_azrael
Temple:   hellmonk_temple_forest_ring
Lair:1:   layout_roguey
Lair:2:   layout_roguey, elwin_shoals_entry_rocks, grunt_megastairs_1,
          infiniplex_staircase_pool
Lair:3:   layout_cave_pods, dummy_spider_entry, enter_volcano_1,
          pdpol_lair_cavern_descent, grunt_megastairs_2, uniq_gastronok
Lair:4:   nzn_motion_control, layout_regular_city,
          nicolae_slime_entry_slimehenge, beast_lair_carwin_11
Lair:5:   minmay_lair_end_enchanted_forest, layout_long_grid,
          serial_bayou_shore_a, grunt_megastairs_3
Shoals:1: cheibrodos_shoals_roost, layout_shoals, serial_shops,
          nicolae_diamond_shop, uniq_donald
Shoals:2: cheibrodos_shoals_baths, layout_shoals, serial_shops,
          nicolae_shop_bloodbath_and_beyond, shop,
          nicolae_shop_tiny_statue_garden, shop, nicolae_shop_gibbet_a_chance,
          uniq_polyphemus
Shoals:3: cheibrodos_shoals_oceanic_diplomacy, layout_shoals, serial_shops, shop
Shoals:4: shoals_end_simple, layout_shoals, serial_shops,
          nicolae_shop_statue_plus
Spider:1: layout_chambers, hangedman_spider_tarantella_strand
Spider:2: layout_spider_delve, gammafunk_ghost_mausoleum
Spider:3: layout_spider_delve, nicolae_spider_solar_radiation
Spider:4: floodkiller_spider_rune_tomb
Slime:1:  layout_caves
Slime:2:  layout_caves, uniq_dissolution
Slime:3:  layout_caves
Slime:4:  layout_caves, cheibrodos_slime_lost_civilization_4
Slime:5:  slime_pit_nicolae_amoeboid
Orc:1:    layout_caves, serial_shops, nicolae_shop_back_alley_shop, basic_altar,
          nicolae_orc_flooded_monolith, minmay_orc_temple_a
Orc:2:    st_orc_congregation, layout_caves
Elf:1:    elf_arrival_001, layout_rooms, serial_shops, nicolae_shop_dealshenge,
          minmay_elf_demonology, minmay_misc_feat_cross
Elf:2:    nicolae_elf_blades_splatter_lattice [mumra_blade_entry_dagger],
          layout_geoelf_octagon, serial_shops, freezing_bzr
Elf:3:    minmay_elf_hall_statues, layout_geoelf_castle, serial_shops,
          nicolae_shop_advertising_works [nicolae_subvault_shop_adworks],
          corexii_checkpoint, nicolae_elf_altarnating
Vaults:1: biasface_ghost_orc_armoury, vaults_mumra_hexcomb,
          hangedman_vaults_locks, v_misc_17, v_rooms_5,
          nicolae_vaults_storage_closets_3, nicolae_vaults_stepped_doors,
          dpeg_vaults_waves, layout_vaults_omnigrid, uniq_norris
Vaults:2: vaults_standard_mumra_enter_the_diamond, vaults_dpeg_cross,
          minmay_crypt_entry_necro_gods, nicolae_vaults_network_quinsquares
          [nicolae_vaults_network_quincunx_subvault,
          nicolae_vaults_network_quincunx_subvault,
          nicolae_vaults_network_quincunx_subvault,
          nicolae_vaults_network_quincunx_subvault],
          nicolae_vaults_ninety_degrees, st_lines, nicolae_vaults_diamond_2,
          hangedman_vaults_slice, nicolae_vaults_oval_intersection,
          vaults_room_corners, layout_vaults_maze, serial_shops, shop,
          uniq_boris
Vaults:3: v_rooms_4, hangedman_vaults_corner, nicolae_vaults_surprise_closet,
          grunt_vaults_diagonal, nicolae_vaults_storage_closets_2,
          vaults_room_hangedman_quadrants, nicolae_vaults_sesquioval_fish,
          layout_vaults_big_room
Vaults:4: nicolae_vaults_security_offices_5, nicolae_vaults_closet_pinwheel_4,
          vaults_mumra_chevron_long, hangedman_vaults_corner_blocks,
          vaults_room_corners, nicolae_vaults_trapezoid_lopsided_2,
          nicolae_vaults_asterisk, v_misc_23, vaults_mumra_chevron,
          nicolae_vaults_theta, layout_vaults_ring
Vaults:5: uniq_mara
Crypt:1:  layout_misc_corridors, serial_sigils_hangedman_confine, minivault_11,
          moated_statue
Crypt:2:  layout_misc_corridors, gammafunk_ghost_spectres
Crypt:3:  david_glass_crypt, layout_basic,
          nicolae_tomb_entry_unfolded_pyramid_orthogonal
Tomb:1
Depths:1: layout_cave_pools, kennysheep_cross_room, hell_entry,
          minmay_misc_feat_nine_boxes, minmay_misc_feat_roman,
          lemuel_freeze_loot_1
Depths:2: nzn_winding_woodlands_three_and_one
          [nzn_winding_woodlands_5x15_lazy_stream,
          nzn_winding_woodlands_5x15_garden,
          nzn_winding_woodlands_5x15_river_crossing,
          nzn_winding_woodlands_center_garden], layout_cave_pools, serial_shops,
          shop, abyss_entry, lightli_too_deep, rand_demon_pan_entry_1,
          infiniplex_staircase_zigzag_4
Depths:3: minmay_the_grid_octo_tiled_squarecenter [minmay_the_grid_octo_empty,
          minmay_the_grid_octo_thin_diamonds, minmay_the_grid_octo_fat_diamond,
          minmay_the_grid_octo_tetromino_candy,
          minmay_the_grid_square_5x5_megaprize_hollow,
          minmay_the_grid_square_5x5_minibox, minmay_the_grid_square_5x5_n,
          minmay_the_grid_square_5x5_two_small,
          minmay_the_grid_square_5x5_dogpile], layout_honeycomb,
          enter_ziggurat_b, hangedman_tar_grid_catacomb, minmay_holes,
          abyss_entry_glasseish
Depths:4: grunt_crosshair, layout_cave_shapes, abyss_entry_small_statue_room,
          serial_co_window_serial, co_window_corner_a, co_window_corner_a,
          co_window_corner_a, co_window_of_opportunity_a, co_window_paths_a,
          co_window_unsneaky_path_e, co_window_corner_ca, co_window_corner_b,
          co_window_corner_ca, co_window_broadway_a, co_window_of_opportunity_b,
          co_window_unsneaky_path_b, co_window_4corner_b, co_window_paths_e,
          hell_entry, grunt_ministairs_10
Hell
Zot:1:    layout_gridlike, regret_index_zotdec_silver_v_v_loose,
          hellmonk_ghost_big_iron, grunt_ministairs_9
Zot:2:    lemuel_draconian_sentries, layout_basic
Zot:3:    kennysheep_ambush_hall, layout_gridlike, skrybe_zot_glass_3
Zot:4:    layout_misc_corridors
Zot:5:    layout_misc_corridors
Pan:      grunt_pan_zigzag, layout_long_grid, nicolae_pan_sigil_nadil,
          evilmike_mini_pan_corner, layout_basic,
          gloorx_vloq_grunt_torture_chamber, layout_gridlike, lom_lobon_grunt,
          layout_basic

Skill      XL: |  1  2  3  4  5  6  7  8  9 10 11 12 13 14 15 16 17 18 19 20 21 22 23 24 25 26 27 |
---------------+----------------------------------------------------------------------------------+-----
Unarmed Combat | 4 5 6 7 8 9 12 16 17 18 19 23 24 27 | 27.0
Shapeshifting  | 4 5 6 7 8 11 14 15 18 21 23 25 27 | 27.0
Fighting       | 5 8 10 12 14 18 22 23 24 27 | 27.0
Dodging        | 3 8 9 12 13 15 18 19 24 | 24.0

Action                     |  1- 3 |  4- 6 |  7- 9 | 10-12 | 13-15 | 16-18 | 19-21 | 22-24 | 25-27 || total
---------------------------+-------+-------+-------+-------+-------+-------+-------+-------+-------++-------
  Melee: Unarmed           |    46 |    85 |   227 |   522 |  1035 |  1120 |   927 |   808 |  1347 ||  6117
         Constrict         |    13 |    22 |    56 |   109 |   251 |   265 |    74 |       |       ||   790
         Tentacles         |     6 |    17 |    67 |    94 |       |       |       |       |       ||   184
         Punch             |     1 |     2 |     9 |       |       |       |    78 |   139 |   234 ||   463
  Throw: Dart              |       |       |    12 |       |       |       |       |       |       ||    12
 Invoke: Call Merchant     |       |       |       |       |       |     5 |     2 |     3 |     2 ||    12
  Evoke: Wand              |       |       |       |       |       |       |       |     2 |    10 ||    12
    Use: Scroll            |       |     8 |    12 |     9 |     2 |     3 |     1 |     4 |     1 ||    40
         Potion            |       |       |     2 |     1 |     3 |     2 |       |     2 |    14 ||    24
   Stab: Sleeping          |     6 |     7 |     9 |     5 |     9 |    20 |    20 |    11 |     9 ||    96
         Distracted        |       |       |       |     4 |    16 |    13 |    17 |    17 |    35 ||   102
         Invisible         |       |       |       |       |       |     9 |       |       |     7 ||    16
         Confused          |       |       |       |       |       |       |       |       |     1 ||     1
 Armour: Skin              |    16 |    25 |    82 |   287 |   487 |   611 |   282 |   184 |   285 ||  2259
  Dodge: Dodged            |    21 |    61 |   169 |   435 |   810 |  1239 |   940 |   745 |  1427 ||  5847
   Form: Flux              |       |       |     1 |       |       |       |       |       |       ||     1
         Serpent           |       |       |       |     1 |     2 |       |       |       |       ||     3
                           |       |       |       |       |     2 |       |       |       |       ||     2
         Storm             |       |       |       |       |       |       |     1 |       |       ||     1

Table legend: (Time is in decaauts)
 A = Elapsed time spent in this place.
 B = Non-inter-level travel time spent in this place.
 C = Inter-level travel time spent in this place.
 D = Time resting spent in this place.
 E = Time spent auto-exploring this place.
 F = Levels seen in this place.
 G = Mean time per level.
                   A        B        C        D        E       F      G
               +--------+--------+--------+--------+--------+-----+--------+
         Total |  89032 |  79281 |   9751 |  14416 |  41490 |  69 | 1290.3 |
       Dungeon |  23049 |  18803 |   4246 |   2561 |  11784 |  15 | 1536.6 |
        Temple |     36 |      2 |     34 |      0 |      0 |   1 |   36.0 |
          Lair |   9062 |   8167 |    895 |   1994 |   4222 |   5 | 1812.4 |
        Shoals |   5148 |   4909 |    239 |   1101 |   1964 |   4 | 1287.0 |
   Spider Nest |   8602 |   8309 |    293 |   1833 |   4320 |   4 | 2150.5 |
    Slime Pits |   2092 |   2036 |     56 |    209 |    918 |   5 |  418.4 |
  Orcish Mines |   2970 |   2715 |    255 |    348 |   1176 |   2 | 1485.0 |
   Elven Halls |   5829 |   5380 |    449 |    934 |   2806 |   3 | 1943.0 |
        Vaults |  10204 |   8302 |   1902 |   1438 |   4847 |   5 | 2040.8 |
         Crypt |   3202 |   2853 |    349 |     51 |   1984 |   3 | 1067.3 |
          Tomb |   1340 |   1233 |    107 |    282 |    504 |   1 | 1340.0 |
        Depths |   5048 |   4425 |    623 |    639 |   2578 |   4 | 1262.0 |
          Hell |    768 |    751 |     17 |      0 |    553 |   1 |  768.0 |
           Zot |   6471 |   6191 |    280 |   1618 |   2505 |   5 | 1294.2 |
         Abyss |    842 |    842 |      0 |    177 |      0 |   2 |  421.0 |
   Pandemonium |   2878 |   2878 |      0 |    928 |    868 |   4 |  719.5 |
        Bazaar |    122 |    122 |      0 |      0 |     71 |   1 |  122.0 |
         Sewer |    289 |    289 |      0 |    124 |     68 |   1 |  289.0 |
       Ossuary |    130 |    130 |      0 |      0 |      0 |   1 |  130.0 |
       Volcano |    449 |    449 |      0 |    163 |     20 |   1 |  449.0 |
      Gauntlet |    494 |    494 |      0 |     14 |    302 |   1 |  494.0 |
               +--------+--------+--------+--------+--------+-----+--------+

Top non-repeatable levels by time:
   Elf:3: 3993 daAuts
Spider:4: 3563 daAuts
Vaults:1: 3204 daAuts
     D:4: 2772 daAuts
    D:15: 2644 daAuts
Vaults:4: 2543 daAuts
    D:10: 2414 daAuts
Spider:1: 2333 daAuts
  Lair:5: 2166 daAuts
  Lair:4: 2073 daAuts
     D:8: 1894 daAuts
  Lair:2: 1855 daAuts
     D:9: 1810 daAuts
   Orc:2: 1779 daAuts
Vaults:3: 1713 daAuts
